 Dungeon Crawl Stone Soup version 0.22.0-38-g04b72b8 (webtiles) character file.

6183 JeffiDaFish the Destroyer (level 10, 0/83 HPs)
             Began as a Black Draconian Conjurer on Aug 29, 2018.
             Was a Priest of Sif Muna.
             Slain by Snorg (10 damage)
             ... on level 10 of the Dungeon.
             The game lasted 00:28:28 (10550 turns).

JeffiDaFish the Destroyer (DrCj)                   Turns: 10550, Time: 00:28:29

Health: 0/83       AC: 10    Str:  9    XL:     10   Next: 60%
Magic:  22/24      EV: 16    Int: 15    God:    Sif Muna [***...]
Gold:   480        SH:  0    Dex: 13    Spells: 6/25 levels left

rFire    + . .     SeeInvis .   d - +5 halberd of Sunlight {chop, +Inv rF+ Int-2}
rCold    . . .     Gourm    .   (shield currently unavailable)
rNeg     . . .     Faith    .   (armour unavailable)
rPois    .         Spirit   .   (helmet restricted)
rElec    +         Reflect  .   f - +2 cloak
rCorr    .         Harm     .   (no gloves)
MR       +....                  (no boots)
Stlth    +++.......             (no amulet)
HPRegen  0.00/turn              e - +3 ring of evasion
MPRegen  0.19/turn              o - ring of stealth

@: divine energy
A: breathe lightning, unfitting armour, high mp 1, magic resistance 1,
electricity resistance, inhibited regeneration, weak 1, cold-blooded, AC +7
a: Breathe Lightning, Stop Divine Energy, Channel Magic, Renounce Religion,
Evoke Invisibility


You were on level 10 of the Dungeon.
You worshipped Sif Muna.
Sif Muna was most pleased with you.
You were near starving.

You visited 2 branches of the dungeon, and saw 11 of its levels.

You collected 480 gold pieces.

Inventory:

Hand Weapons
 a - a +1 whip
 c - a +0 short sword
 d - the +5 halberd of Sunlight (weapon) {chop, +Inv rF+ Int-2}
   (You took it off an orc wizard on level 4 of the Dungeon)

   It inflicts extra damage upon your enemies.
   It affects your intelligence (-2).
   It protects you from fire.
   It lets you turn invisible.
Armour
 f - a +2 cloak (worn)
Jewellery
 e - a +3 ring of evasion (left hand)
 o - a ring of stealth (right hand)
Wands
 h - a wand of paralysis (3)
 j - a wand of digging (9)
 p - a wand of iceblast (8)
Scrolls
 m - a scroll of fog
 n - 4 scrolls of identify
 s - a scroll of fear
Potions
 g - 2 potions of heal wounds
 i - a potion of cancellation
 l - 3 potions of agility
 q - 2 potions of flight
Comestibles
 b - 11 rations


   Skills:
 + Level 6.0 Fighting
 - Level 0.1 Maces & Flails
 - Level 3.3 Polearms
 - Level 3.0 Dodging
 - Level 2.0 Stealth
 * Level 8.1 Spellcasting
 * Level 9.7 Conjurations
 * Level 6.7 Hexes


You had 6 spell levels left.
You knew the following spells:

 Your Spells              Type           Power        Failure   Level  Hunger
a - Magic Dart            Conj           ####         1%          1    None
b - Searing Ray           Conj           #####.       1%          2    None
c - Dazzling Spray        Conj/Hex       ####..       1%          3    ##.....
d - Iskenderun's Mystic   Conj           #####...     2%          4    ####...
e - Ensorcelled Hibernat  Hex/Ice        ###...       4%          2    None
f - Fulminant Prism       Conj/Hex       ####......   4%          4    ####...
g - Confuse               Hex            ####....     2%          3    ##.....

Your spell library contained the following spells:

 Spells                   Type           Power        Failure   Level  Hunger
 Confusing Touch          Hex            ####..       1%          1    None
 Corona                   Hex            ####...      1%          1    None
 Slow                     Hex            ####....     1%          2    None
 Tukima's Dance           Hex            ####....     2%          3    ##.....
 Cause Fear               Hex            ####......   8%          4    ####...
 Inner Flame              Hex/Fire       ###.....     9%          3    ##.....
 Portal Projectile        Hex/Tloc       ###...       9%          3    ##.....
 Animate Skeleton         Necr           N/A          12%         1    None
 Apportation              Tloc           #.....       12%         1    None
 Summon Small Mammal      Summ           #...         12%         1    None
 Force Lance              Conj/Tloc      ###.....     16%         4    ####...
 Leda's Liquefaction      Hex/Erth       ###.......   30%         4    ####...


Dungeon Overview and Level Annotations

Branches:
Dungeon (10/15)            Temple (1/1) D:5            Lair (0/6) D:9
    Orc (0/2) D:10

Altars:
Ashenzari
Cheibriados
Dithmenos
Fedhas
Gozag
Hepliaklqana
Kikubaaqudgha
Makhleb
Nemelex Xobeh
Okawaru
Qazlal
Ru
Sif Muna
Trog
Vehumet
Wu Jian
Xom
Yredelemnul
The Shining One

Portals:
Bailey: D:10

Annotations:
D:5 2 transporters, mh0rre's ghost, amateur OpTm
D:10 Snorg


Innate Abilities, Weirdness & Mutations

You can breathe wild blasts of lightning.
Your glossy black scales are hard. (AC +7)
You cannot fit into any form of body armour.
You are resistant to electric shocks. (rElec)
You are cold-blooded and may be slowed by cold attacks.
You have an increased reservoir of magic. (+10% MP)
You are resistant to hostile enchantments. (MR+)
You do not regenerate when monsters are visible.
You are weak. (Str -2)


Message History

Snorg is moderately wounded.
The helpless Snorg fails to defend herself.
You slash Snorg!
Snorg is heavily wounded.
The helpless Snorg fails to defend herself.
You hit Snorg.
Snorg is heavily wounded.
The helpless Snorg fails to defend herself.
You puncture Snorg!
Snorg is heavily wounded.
The helpless Snorg fails to defend herself.
You puncture Snorg!
Snorg is heavily wounded.
Snorg is no longer paralysed.
Snorg barely misses you. x3; Snorg bites you!
* * * LOW HITPOINT WARNING * * *
Snorg completely misses you. Snorg closely misses you.
You barely miss Snorg.
Snorg is heavily wounded.
Snorg bites you!
You die...

....... .......
).....)##
#.)##### ##))...#
#####)# # #..# .
.# ###.##
.#####.# ###T@.#
...... ###
#...###
##..###......>###
....#..?......#
.##...........#
###...#.......#
............%.#
..###...T.....#
..............#


You could see Snorg (berserk).

Vanquished Creatures
  Pikel (D:7)
  An ugly thing (D:8)
  A troll (D:9)
  Sigmund (D:2)
  3 yaks (D:9)
  4 basilisks (D:9)
  A wyvern (D:8)
  A water moccasin (D:9)
  2 porcupines (D:9)
  2 orc warriors
  A sky beast (D:7)
  A phantom (D:4)
  4 ice beasts
  A slave (D:7)
  4 ogres
  5 centaurs
  A crocodile (D:9)
  6 bullfrogs
  A wyvern skeleton (D:7)
  A scorpion (D:9)
  3 wights (D:6)
  6 killer bees (D:9)
  2 howler monkeys
  A bullfrog zombie (D:7)
  5 crimson imps
  A quasit (D:7)
  2 hounds
  2 jellies
  4 orc priests
  Jessica (D:2)
  Natasha (thrice) (D:4)
  3 iguanas
  7 worker ants
  An orc wizard (D:4)
  3 hound skeletons
  5 gnolls
  12 adders
  3 shadow imps
  3 adder skeletons (D:4)
  2 worms
  3 dart slugs
  5 leopard geckos
  29 orcs
  A ball python (D:3)
  3 giant cockroaches
  5 goblins
  4 hobgoblins
  8 jackals
  6 quokkas
  6 bats
  7 kobolds
  A quokka skeleton (D:9)
  10 rats
  A fulminant prism (D:8)
200 creatures vanquished.

Vanquished Creatures (others)
  A slave (D:7)
  A leopard gecko zombie (D:7)
  A bush (D:9)
  13 fulminant prisms
  3 fungi (D:9)
  10 plants (D:9)
29 creatures vanquished.

Grand Total: 229 creatures vanquished

Notes
Turn   | Place    | Note
-------+----------+-------------------------------------------
     0 | D:1      | JeffiDaFish the Draconian Conjurer began the quest for the Orb.
     0 | D:1      | Reached XP level 1. HP: 14/14 MP: 3/3
   654 | D:1      | Reached XP level 2. HP: 16/20 MP: 5/5
  1462 | D:2      | Reached XP level 3. HP: 27/27 MP: 1/6
  1563 | D:2      | Learned a level 2 spell: Searing Ray
  1883 | D:2      | Noticed Jessica
  1906 | D:2      | Killed Jessica
  1906 | D:2      | Reached skill level 5 in Conjurations
  1906 | D:2      | Reached XP level 4. HP: 2/34 MP: 0/7
  2199 | D:2      | Found a bloodstained altar of Trog.
  2382 | D:2      | Noticed Sigmund
  2390 | D:2      | Killed Sigmund
  2390 | D:2      | Reached XP level 5. HP: 29/39 MP: 1/10
  2669 | D:2      | Learned a level 3 spell: Dazzling Spray
  3308 | D:3      | Found a shadowy altar of Dithmenos.
  3601 | D:3      | Learned a level 4 spell: Iskenderun's Mystic Blast
  3630 | D:3      | Reached XP level 6. HP: 46/46 MP: 2/11
  3805 | D:4      | Noticed Natasha
  3811 | D:4      | Killed Natasha
  3811 | D:4      | Reached skill level 1 in Fighting
  3811 | D:4      | Reached skill level 1 in Hexes
  3886 | D:4      | Noticed Natasha
  4161 | D:3      | Learned a level 2 spell: Ensorcelled Hibernation
  4188 | D:4      | Killed Natasha
  4369 | D:4      | Noticed Natasha
  4375 | D:4      | Killed Natasha
  4514 | D:4      | Reached skill level 6 in Conjurations
  4861 | D:4      | Your scales start taking on a glossy black colour.
  4861 | D:4      | Reached XP level 7. HP: 53/53 MP: 9/13
  4861 | D:4      | Gained mutation: You are resistant to electric shocks. (rElec) [Black Draconian growth]
  4868 | D:4      | Identified the +5 halberd of Sunlight {chop, +Inv rF+ Int-2} (You took it off an orc wizard on level 4 of the Dungeon)
  5075 | D:5      | Entered Level 5 of the Dungeon
  5338 | D:5      | Found a transporter.
  5338 | D:5      | Noticed mh0rre's ghost (amateur OpTm)
  5344 | D:5      | Found a transporter.
  5515 | D:5      | Reached skill level 5 in Spellcasting
  5884 | D:5      | Learned a level 4 spell: Fulminant Prism
  5892 | D:5      | Reached XP level 8. HP: 62/62 MP: 9/15
  5905 | D:5      | Found a staircase to the Ecumenical Temple.
  5924 | Temple   | Entered the Ecumenical Temple
  6031 | Temple   | Became a worshipper of Sif Muna the Loreminder
  6141 | D:5      | Found a shadowy altar of Dithmenos.
  6318 | D:5      | Reached skill level 7 in Conjurations
  6513 | D:5      | Found a glowing golden altar of the Shining One.
  6513 | D:5      | Found a stormy altar of Qazlal.
  6890 | D:6      | Found a sparkling altar of Nemelex Xobeh.
  7005 | D:6      | Reached skill level 1 in Polearms
  7036 | D:6      | Reached * piety under Sif Muna
  7393 | D:7      | Noticed Pikel
  7425 | D:7      | Killed Pikel
  7425 | D:7      | Reached skill level 8 in Conjurations
  7425 | D:7      | Reached XP level 9. HP: 14/71 MP: 0/18
  7703 | D:6      | Learned a level 3 spell: Confuse
  7978 | D:7      | Found an opulent altar of Gozag.
  8011 | D:7      | Reached ** piety under Sif Muna
  8209 | D:8      | Found a hazy altar of Hepliaklqana.
  8255 | D:8      | Noticed a brown ugly thing
  8263 | D:8      | Reached skill level 5 in Hexes
  8268 | D:8      | Killed a brown ugly thing
  8271 | D:8      | Reached skill level 5 in Fighting
  8470 | D:8      | Gained mutation: You do not regenerate when monsters are visible. [potion of mutation]
  8470 | D:8      | Gained mutation: You are resistant to hostile enchantments. (MR+) [potion of mutation]
  8470 | D:8      | Gained mutation: You are weak. (Str -2) [potion of mutation]
  8470 | D:8      | Gained mutation: You have an increased reservoir of magic. (+10% MP) [potion of mutation]
  8702 | D:9      | Reached *** piety under Sif Muna
  8705 | D:9      | Reached XP level 10. HP: 79/81 MP: 12/23
  8709 | D:9      | Reached skill level 9 in Conjurations
  8734 | D:9      | Found a staircase to the Lair.
 10277 | D:10     | Entered Level 10 of the Dungeon
 10303 | D:10     | Noticed Snorg
 10308 | D:10     | Found a flagged portal.
 10346 | D:10     | Found a staircase to the Orcish Mines.
 10550 | D:10     | Slain by Snorg

Skill      XL: |  1  2  3  4  5  6  7  8  9 10 |
---------------+-------------------------------+-----
Stealth        | 2 |  2.0
Dodging        | 2 3 |  3.0
Conjurations   | 5 6 8 9 |  9.7
Spellcasting   | 3 4 5 6 7 8 |  8.1
Fighting       | 1 2 4 5 6 |  6.0
Hexes          | 1 2 4 5 6 |  6.7
Polearms       | 2 3 |  3.3
Maces & Flails | |  0.1

Action                   |  1- 3 |  4- 6 |  7- 9 | 10-12 || total
-------------------------+-------+-------+-------+-------++-------
Melee: Whip              |    87 |    77 |       |       ||   164
       Tailslap          |     4 |     8 |    14 |     2 ||    28
       Halberd           |       |       |   182 |   137 ||   319
 Cast: Magic Dart        |    37 |    43 |    18 |     3 ||   101
       Searing Ray       |     1 |    25 |    18 |     4 ||    48
       Dazzling Spray    |       |     5 |    19 |     2 ||    26
       Iskenderun's Myst |       |     1 |     6 |       ||     7
       Ensorcelled Hiber |       |     1 |     4 |     4 ||     9
       Fulminant Prism   |       |       |    12 |     2 ||    14
       Confuse           |       |       |     7 |    36 ||    43
Invok: Divine Energy     |       |       |     1 |       ||     1
 Abil: Breathe Lightning |       |       |     2 |       ||     2
Evoke: Wand              |       |       |       |     4 ||     4
  Use: Scroll            |     3 |     4 |     9 |     3 ||    19
       Potion            |     3 |     3 |     6 |     1 ||    13
 Stab: Sleeping          |     1 |       |     7 |     2 ||    10
       Distracted        |       |       |     1 |       ||     1
       Confused          |       |       |     3 |    10 ||    13
       Paralysed         |       |       |       |     8 ||     8
       Invisible         |       |       |       |     1 ||     1
  Eat: Chunk             |     3 |     8 |    10 |     7 ||    28
       Ration            |       |     1 |     2 |       ||     3
Armor: Skin              |    47 |    32 |    57 |    30 ||   166
Dodge: Dodged            |    71 |    80 |   180 |   117 ||   448
